 Dungeon Crawl Stone Soup version 0.27.1 (webtiles) character file.

Game seed: 12278944824775455923

349650 shadowrider38 the Conqueror (level 21, -5/336 HPs)
             Began as a Minotaur Berserker on Aug 28, 2021.
             Was the Champion of Trog.
             Slain by Nikola (15 damage)
             ... on level 2 of the Depths.
             The game lasted 01:21:17 (47106 turns).

shadowrider38 the Conqueror (Minotaur Berserker)   Turns: 47106, Time: 01:21:18

Health: -5/336     AC: 39    Str: 35    XL:     21   Next: 25%
Magic:  9/20       EV:  8    Int: 12    God:    Trog [******]
Gold:   285        SH: 26    Dex:  6    Spells: 20/20 levels left

rFire    + . .     SeeInvis .   a - +5 broad axe (flame)
rCold    . . .     Faith    .   z - +4 tower shield
rNeg     + . .     Spirit   .   N - +4 plate armour of Wunefro {rPois rN+ Int+3}
rPois    +         Reflect  .   R - +2 hat
rElec    .         Harm     .   K - +2 cloak
rCorr    .         Rampage  +   H - +2 pair of gloves
Will     +++..                  C - +2 pair of boots {rampage}
Stlth    ..........             l - amulet of Perink {Regen+ Str+4 Int+4 Dex-4}
HPRegen  2.66/turn              t - ring of protection from fire
MPRegen  0.17/turn              y - +4 ring of slaying

@: berserking, strong-willed, regenerating, very quick
A: horns 2, retaliatory headbutt
}: 2/15 runes: decaying, gossamer
a: Renounce Religion, Berserk, Trog's Hand, Brothers in Arms


You were on level 2 of the Depths.
You worshipped Trog.
Trog was exalted by your worship.
You visited 9 branches of the dungeon, and saw 39 of its levels.
You visited the Abyss 2 times.
You also visited: Bailey.

You collected 3779 gold pieces.
You spent 3494 gold pieces at shops.

Inventory:

Hand Weapons
 a - a +5 broad axe of flaming (weapon)
 b - the +7 war axe "Yrghuril" {antimagic, rPois rC+ rCorr Str-2 Dex+2}
   (Trog gifted it to you on level 1 of the Vaults)

   It reduces the magical energy of the wielder, and disrupts the spells and
   magical abilities of those it strikes.
   Natural abilities and divine invocations are not affected.
   Str:       It affects your strength (-2).
   Dex:       It affects your dexterity (+2).
   rC:        It protects you from cold.
   rPois:     It protects you from poison.
   rCorr:     It protects you from acid and corrosion.
Missiles
 g - 3 silver boomerangs (quivered)
 p - 6 throwing nets
Armour
 x - +0 fire dragon scales
 z - a +4 tower shield (worn)
 C - a +2 pair of boots of rampaging (worn)
 G - the +4 scale mail "Beprenek" {rElec}
   (You took it off an orc on level 7 of the Dungeon)

   rElec:     It insulates you from electricity.
 H - a +2 pair of gloves (worn)
 K - a +2 cloak (worn)
 N - the +4 plate armour of Wunefro (worn) {rPois rN+ Int+3}
   (You bought it in a shop on level 14 of the Dungeon)

   Int:       It affects your intelligence (+3).
   rPois:     It protects you from poison.
   rN:        It protects you from negative energy.
 R - a +2 hat (worn)
Jewellery
 l - the amulet of Perink (around neck) {Regen+ Str+4 Int+4 Dex-4}
   (You bought it in a shop on level 2 of the Orcish Mines)

   [amulet of regeneration]

   Str:       It affects your strength (+4).
   Int:       It affects your intelligence (+4).
   Dex:       It affects your dexterity (-4).
   Regen:     It increases your rate of health regeneration.
 t - a ring of protection from fire (left hand)
 v - an amulet of guardian spirit
 y - a +4 ring of slaying (right hand)
 E - a ring of protection from fire
Wands
 q - a wand of charming (33)
 u - a wand of iceblast (51)
 D - a wand of paralysis (42)
 M - a wand of acid (7)
 Q - a wand of flame (129)
 V - a wand of polymorph (26)
 Z - a wand of digging (12)
Scrolls
 e - 12 scrolls of teleportation
 f - 5 scrolls of summoning
 k - 2 scrolls of blinking
 n - 4 scrolls of noise
 o - 13 scrolls of identify
 s - 4 scrolls of vulnerability
 F - 5 scrolls of immolation
 I - 3 scrolls of brand weapon
 J - 2 scrolls of torment
 P - 11 scrolls of fog
 T - 5 scrolls of magic mapping
 Y - 4 scrolls of fear
Potions
 c - 9 potions of ambrosia
 d - 7 potions of lignification
 h - 5 potions of attraction
 i - 7 potions of mutation
 j - 4 potions of might
 m - 5 potions of resistance
 r - 12 potions of curing
 w - 2 potions of berserk rage
 A - 4 potions of magic
 B - 6 potions of flight
 L - 8 potions of haste
 O - 6 potions of heal wounds
 S - 4 potions of invisibility
 U - 2 potions of cancellation
 X - 3 potions of brilliance
Miscellaneous
 W - a tin of tremorstones (2/2)


   Skills:
 O Level 27 Fighting
 - Level 18.0 Axes
 + Level 23.9 Armour
 - Level 2.1 Dodging
 - Level 15.0 Shields


You had 20 spell levels left.
You didn't know any spells.
Your spell library was empty.

Dungeon Overview and Level Annotations

Branches:
Dungeon (15/15)            Temple (1/1) D:4            Lair (6/6) D:11
  Swamp (4/4) Lair:2       Spider (4/4) Lair:3        Slime (0/5) Lair:5
    Orc (2/2) D:9             Elf (1/3) Orc:2        Vaults (4/5) D:14
  Crypt (0/3) Vaults:2     Depths (2/5) D:15         Bailey (visited)

Altars:
Ashenzari
Cheibriados
Dithmenos
Elyvilon
Fedhas
Gozag
Hepliaklqana
Makhleb
Okawaru
Qazlal
Ru
Sif Muna
Uskayaw
Yredelemnul
Beogh
Jiyva

Shops:
D:6 [   D:13 (   D:14 [   D:15 *   Orc:1 *   Orc:2 !!*=   Vaults:2 :
Depths:1 *:*[

Portals:
Hell: Depths:1
Ziggurat: Depths:1

Annotations:
D:5 2 transporters, Konebred's ghost, novice GrIE
D:8 2 transporters
D:11 5 runed translucent doors
Lair:3 3 runed translucent doors, Naeght's ghost, journeyman MfGl
Swamp:2 Roxanne
Depths:1 1 runed translucent door, Imio's ghost, adept DgCj
Depths:2 Nikola


Innate Abilities, Weirdness & Mutations

You have a pair of horns on your head.
You reflexively headbutt those who attack you in melee.


Message History

Your deep troll bites Nikola!!
Your deep troll claws Nikola!
Your deep troll claws Nikola!!
Your cyclops completely misses Nikola.
Nikola mumbles some strange words.
Lightning arcs from Nikola's hands!
The bolt of lightning hits your deep troll!!!!
Your deep troll dies!
Your deep troll's corpse disappears in a puff of smoke!
A bolt of lightning appears from out of thin air!
The bolt of lightning hits the spriggan air mage!!!
The spriggan air mage dies!
The bolt of lightning hits you!!!
* * * LOW HITPOINT WARNING * * *
The bolt of lightning hits Nikola!
The bolt of lightning hits your cyclops!!!
Your cyclops dies!
Your cyclops's corpse disappears in a puff of smoke!
The bolt of lightning hits the frost giant!!!
You hear a horrible gurgling sound!
You hear a shout! x3
You hear an angry buzzing noise. x3; You hear a shout! x3
You hear a horrible gurgling sound!
You are too injured to fight recklessly!
Unknown command.
You are too injured to fight recklessly!
Unknown command.
You are too injured to fight recklessly!
Unknown command.
You are too injured to fight recklessly!
You are too injured to fight recklessly!
Unknown command.
You are too injured to fight recklessly!
Nikola shouts!
You slash Nikola! You burn Nikola.
Nikola is severely wounded.
The frost giant casts a spell at you. The bolt of cold hits you!!
* * * LOW HITPOINT WARNING * * *
You slash Nikola! You burn Nikola.
Nikola is severely wounded.
Nikola hits you but does no damage.
You are electrocuted!
You die...

################
#..>##..#..#.##.
##.##.##...#...#
##...##..#.##..
############################
............................
...........@@...............
.?.....)[.[§§.......[.......
#########C##################
......)...$..... #
.@.............. #
................ #
................ #
########.####### # .#. #


You could see Nikola and a frost giant.

Vanquished Creatures
  Bai Suzhen (Swamp:3)
  Frederick (Vaults:4)
  Jory (Vaults:2)
  Jorgrun (Spider:1)
  Rupert (D:15)
  2 tentacled starspawn (Abyss:2)
  A thorn hunter (Swamp:3)
  4 sphinxes
  Kirke (Lair:6)
  A tengu reaver (Vaults:1)
  A revenant (Vaults:2)
  4 frost giants
  Aizul (Swamp:1)
  3 ghost moths
  An orc warlord (Orc:2)
  A deep elf sorcerer (Abyss:2)
  5 emperor scorpions
  7 vault wardens
  3 war gargoyles (Vaults:2)
  9 very ugly things
  2 spriggan defenders (Depths:2)
  10 ironbound preservers
  4 stone giants
  Nessos (D:12)
  A deep elf demonologist (Vaults:2)
  A vampire knight (Depths:1)
  2 entropy weavers (Spider:2)
  6 dire elephants
  2 eidola (Vaults:2)
  2 bunyips
  2 spark wasps (Depths:2)
  2 merfolk javelineers (Depths:2)
  3 eleionomae
  5 ettins
  2 crystal guardians
  4 fire dragons
  3 great orbs of eyes
  4 yaktaur captains (Vaults:4)
  A shambling mangrove (Swamp:1)
  Harold (D:7)
  2 rakshasas (Depths:1)
  5 vault guards
  20 hydras
  3 ice dragons (Depths:2)
  2 peacekeepers
  4 ogre magi
  Erolcha (D:10)
  12 ironbound frosthearts
  2 ironbound thunderhulks (Vaults:4)
  2 spriggan air magi (Depths:2)
  15 two-headed ogres
  7 boulder beetles
  13 centaur warriors
  4 ghost crabs
  A death yak (Lair:6)
  7 alligators
  A death knight (D:14)
  2 dancing weapons (Elf:1)
  2 tengu warriors (D:15)
  4 vampire magi
  A deep troll shaman (Depths:1)
  3 deep troll earth magi
  A spriggan berserker (Depths:2)
  A thrashing horror (Abyss:2)
  An orc high priest (Orc:1)
  Urug (D:11)
  6 ironbound beastmasters
  4 hell knights (Vaults:2)
  2 fire crabs (Swamp:4)
  A wretched star (Abyss:2)
  An iron troll (Depths:2)
  A golden dragon zombie (Vaults:4)
  3 goliath frogs
  9 swamp dragons
  4 spriggan druids
  A flayed ghost (Depths:2)
  38 deep trolls
  A tengu zombie (Vaults:2)
  2 deep elf archers
  7 lindwurms
  11 harpies
  2 phantasmal warriors (Depths:1)
  4 bog bodies
  5 orc knights
  9 wizards
  A deep elf zephyrmancer (Elf:1)
  17 ironbound convokers
  8 necromancers
  A stone giant zombie (Vaults:2)
  5 orc sorcerers
  18 orb spiders
  29 ugly things
  2 deep elf pyromancers
  30 wolf spiders
  2 will-o-the-wisps
  9 cyclopes
  3 manticores
  3 moths of wrath
  17 vault sentinels
  14 elephants
  3 black mambas
  A molten gargoyle (Swamp:4)
  12 cane toads
  3 torpor snails
  Maurice (D:11)
  3 gargoyles
  33 yaktaurs
  4 komodo dragons
  5 rime drakes
  Psyche (D:10)
  15 demonic crawlers
  3 efreet
  A tormentor (Abyss:2)
  2 unseen horrors
  2 tengu conjurers (D:15)
  6 meliai
  12 trolls
  48 jumping spiders
  18 hornets
  Grinder (D:3)
  9 tyrant leeches
  7 polar bears
  Prince Ribbit (Lair:3)
  A human skeleton (Vaults:4)
  32 blink frogs
  15 slime creatures
  6 dream sheep
  70 redbacks
  2 ettin skeletons
  3 water elementals (Depths:2)
  17 spriggans
  An air elemental (Elf:1)
  An elf zombie (Vaults:2)
  40 tarantellas
  A deep troll skeleton (Vaults:2)
  65 yaks
  A vampire (D:11)
  8 wyverns
  2 shadows
  2 wraiths
  A human (shapeshifter) (D:15)
  17 humans (D:14)
  4 basilisks
  7 vampire mosquitoes
  4 steam dragons
  Grum (D:11)
  3 hogs (Lair:6)
  Menkaure (D:7)
  4 wargs
  5 large abominations (Abyss:2)
  20 swamp worms
  4 acid dragons
  2 human zombies (Vaults:2)
  2 hell hounds (Abyss:2)
  10 swamp drakes (Swamp:4)
  21 water moccasins
  3 ice beasts
  28 orc warriors
  2 sky beasts
  21 ogres
  A necrophage (D:7)
  4 boggarts (Lair:6)
  19 wolves
  8 black bears
  4 centaurs
  2 kobold brigands
  14 bullfrogs
  A bullfrog (shapeshifter) (Vaults:3)
  A scorpion (D:5)
  2 water moccasin zombies
  A gnoll sergeant (D:12)
  2 small abominations (Abyss:2)
  A wyvern skeleton (D:7)
  5 wights (D:7)
  7 howler monkeys
  5 electric eels
  A jelly (D:7)
  5 centaur zombies
  A bullfrog zombie (D:7)
  A lava snake (Lair:2)
  A quasit (Abyss:2)
  A bullfrog skeleton (D:7)
  4 centaur skeletons
  4 hounds
  12 orc priests
  An iguana (Lair:2)
  2 scorpion zombies (D:5)
  18 orc wizards
  A killer bee zombie (D:7)
  A howler monkey zombie (D:9)
  12 gnolls
  A howler monkey skeleton (D:7)
  9 adders
  A river rat (D:5)
  A shadow imp (D:7)
  4 white imps
  2 ufetubi (D:7)
  An adder skeleton (D:4)
  A worm (D:5)
  3 dart slugs
  77 orcs
  2 endoplasms
  4 giant cockroaches
  8 goblins
  11 hobgoblins
  4 jackals (D:1)
  2 quokkas (D:2)
  7 ball pythons
  9 bats
  2 frilled lizards
  11 kobolds
  7 rats
  A spectral orc (D:3)
  6 briar patches (Swamp:3)
  2 starspawn tentacles (Abyss:2)
1430 creatures vanquished.

Vanquished Creatures (collateral kills)
  A vault warden (Vaults:2)
  An ironbound preserver (Vaults:2)
  A fire dragon (Depths:2)
  3 hydras
  A vault guard (Vaults:2)
  An ironbound frostheart (Vaults:2)
  A boulder beetle (Vaults:2)
  6 deep trolls (Vaults:2)
  A wizard (Vaults:2)
  2 ugly things (Vaults:2)
  A cane toad (Lair:2)
  A yaktaur (Vaults:2)
  A meliai (Depths:2)
  2 blink frogs (Lair:3)
23 creatures vanquished.

Vanquished Creatures (others)
  A ghost moth (Spider:3)
  A spriggan air mage (Depths:2)
  An ogre mage (Orc:2)
  A swamp dragon (Swamp:4)
  A deep troll (Vaults:1)
  A wizard (Vaults:1)
  A necromancer (D:14)
  3 bloated husks (Swamp:1)
  A jumping spider (Spider:4)
  A redback (Spider:4)
  2 spriggans (Swamp:4)
  A steam dragon (Swamp:4)
  A wolf (Lair:6)
  An orc wizard (D:9)
  A gnoll (D:12)
  An orc (Orc:2)
  3 briar patches (Swamp:3)
  8 foxfires
  31 fungi
  91 plants
  3 starspawn tentacles (Abyss:2)
155 creatures vanquished.

Grand Total: 1608 creatures vanquished

Notes
Turn   | Place    | Note
-------+----------+-------------------------------------------
     0 | D:1      | shadowrider38 the Minotaur Berserker began the quest for
                  | the Orb.
     0 | D:1      | Reached XP level 1. HP: 19/19 MP: 0/0
   103 | D:1      | Reached skill level 4 in Fighting
   105 | D:1      | Reached XP level 2. HP: 18/27 MP: 1/1
   793 | D:2      | Found a blossoming altar of Fedhas.
   875 | D:2      | Reached XP level 3. HP: 32/34 MP: 2/2
  1219 | D:2      | Reached ** piety under Trog
  1586 | D:2      | Reached skill level 5 in Fighting
  1586 | D:2      | Reached skill level 5 in Axes
  1586 | D:2      | Reached XP level 4. HP: 31/42 MP: 3/3
  2078 | D:3      | Found a hazy altar of Hepliaklqana.
  2199 | D:3      | Noticed Grinder
  2213 | D:3      | Killed Grinder
  2214 | D:3      | Reached skill level 6 in Fighting
  2214 | D:3      | Reached XP level 5. HP: 37/51 MP: 4/4
  2214 | D:3      | Reached XP level 6. HP: 42/58 MP: 5/5
  2914 | D:3      | Found a faded altar of an unknown god.
  3089 | D:4      | Reached skill level 7 in Fighting
  3090 | D:4      | Reached *** piety under Trog
  3091 | D:4      | Reached XP level 7. HP: 42/66 MP: 6/6
  3379 | D:4      | Found a staircase to the Ecumenical Temple.
  3506 | D:4      | Found an opulent altar of Gozag.
  3768 | D:4      | Found a white marble altar of Elyvilon.
  4087 | Temple   | Entered the Ecumenical Temple
  4109 | D:5      | Entered Level 5 of the Dungeon
  4160 | D:5      | Reached skill level 8 in Fighting
  4166 | D:4      | HP: 3/68 [poisoned by a water moccasin]
  4168 | D:4      | HP: 1/68 [poisoned by a water moccasin]
  4502 | D:5      | Found a transporter.
  4701 | D:5      | Reached XP level 8. HP: 69/75 MP: 7/7
  5008 | D:5      | Found a transporter.
  5008 | D:5      | Noticed Konebred's ghost (novice GrIE)
  5209 | D:5      | Reached skill level 9 in Fighting
  5424 | D:5      | Found a shadowy altar of Dithmenos.
  5622 | D:6      | Identified the +10 shortbow "Heruc" {freeze, Str+4 Int-2
                  | Dex+4}
  5672 | D:6      | Reached skill level 1 in Shields
  5900 | D:6      | Found a burning altar of Makhleb.
  5916 | D:6      | Reached **** piety under Trog
  6096 | D:6      | Found a basalt altar of Yredelemnul.
  6096 | D:6      | Found a snail-covered altar of Cheibriados.
  6176 | D:6      | Found a broken altar of Ashenzari.
  6185 | D:6      | Reached skill level 10 in Axes
  6458 | D:6      | Found Jualoy's Antique Armour Boutique.
  6908 | D:7      | Reached XP level 9. HP: 84/84 MP: 8/8
  6954 | D:7      | Reached skill level 5 in Shields
  7013 | D:7      | Found a flagged portal.
  7059 | Bailey   | Entered a bailey
  7219 | D:7      | Noticed a cyclops
  7224 | D:7      | Killed a cyclops
  7630 | D:7      | Found an iron altar of Okawaru.
  7645 | D:7      | Noticed Menkaure
  7651 | D:7      | Paralysed by a wight for 5 turns
  7669 | D:7      | Killed Menkaure
  7915 | D:7      | Found a sacrificial altar of Ru.
  7924 | D:7      | Noticed Harold
  7943 | D:7      | Killed Harold
  7944 | D:7      | Reached XP level 10. HP: 82/91 MP: 9/9
  7963 | D:7      | Noticed a cyclops
  7963 | D:7      | Identified the +4 scale mail "Beprenek" {rElec}
  8294 | D:7      | Noticed a gargoyle
  8298 | D:7      | Killed a gargoyle
  8546 | D:7      | Reached ***** piety under Trog
  8593 | D:7      | Killed a cyclops
  8594 | D:7      | Reached skill level 10 in Shields
  9007 | D:7      | Noticed a cyclops
  9013 | D:7      | Noticed a two-headed ogre
  9014 | D:7      | Killed a cyclops
  9020 | D:7      | Killed a two-headed ogre
  9219 | D:7      | Noticed a manticore
  9229 | D:7      | Killed a manticore
  9235 | D:7      | Reached XP level 11. HP: 58/97 MP: 10/10
  9755 | D:8      | Found a transporter.
  9801 | D:8      | Found a transporter.
 10137 | D:9      | Found a staircase to the Orcish Mines.
 10937 | D:9      | Reached skill level 5 in Armour
 11288 | D:9      | Received a gift from Trog
 11577 | D:10     | Entered Level 10 of the Dungeon
 12003 | D:10     | Noticed Psyche
 12134 | D:10     | Killed Psyche
 12357 | D:10     | Noticed Erolcha
 12387 | D:10     | Cast into level 2 of the Abyss (Erolcha)
 12390 | Abyss:2  | Found a corrupted altar of Lugonu.
 12593 | Abyss:2  | Noticed a rakshasa
 12633 | Abyss:2  | Noticed a wretched star
 12693 | Abyss:2  | Noticed a blizzard demon
 12696 | Abyss:2  | Noticed a wretched star
 12700 | D:10     | Escaped the Abyss
 12723 | D:10     | Killed Erolcha
 13008 | D:10     | Reached skill level 10 in Armour
 13182 | D:11     | Noticed Urug
 13207 | D:11     | Killed Urug
 13301 | D:11     | Found a runed translucent door.
 13301 | D:11     | Noticed a wolf spider
 13301 | D:11     | Noticed Grum
 13302 | D:11     | Found a runed translucent gate.
 13303 | D:11     | Found a runed translucent gate.
 13309 | D:11     | Killed Grum
 13410 | D:11     | Found the +9 staff of Olgreb {rPois∞}
 13413 | D:11     | Found a runed translucent door.
 13548 | D:11     | Noticed a wolf spider
 13549 | D:11     | Found a runed translucent gate.
 13549 | D:11     | Noticed a wolf spider
 13682 | D:11     | Noticed Maurice
 13697 | D:11     | Killed Maurice
 13764 | D:11     | Reached XP level 12. HP: 73/105 MP: 11/11
 14066 | D:11     | Found a staircase to the Lair.
 14858 | D:11     | Identified the +1 scale mail of Midwinter {Harm *Corrode
                  | +Blink Int+2}
 14932 | Lair:1   | Entered Level 1 of the Lair of Beasts
 15340 | Lair:1   | Reached skill level 10 in Fighting
 15597 | Lair:1   | Reached skill level 11 in Fighting
 15833 | Lair:1   | Received a gift from Trog
 16133 | Lair:1   | Reached skill level 12 in Fighting
 16577 | Lair:2   | Noticed a four-headed hydra
 16583 | Lair:2   | Killed a four-headed hydra
 16586 | Lair:2   | Noticed a four-headed hydra
 16587 | Lair:2   | Found a staircase to the Swamp.
 16591 | Lair:2   | Killed a six-headed hydra
 17084 | Lair:3   | Reached skill level 13 in Fighting
 17311 | Lair:3   | Noticed an eight-headed hydra
 17337 | Lair:2   | Killed a 14-headed hydra
 17403 | Lair:3   | Found a hole to the Spider Nest.
 17412 | Lair:3   | Reached XP level 13. HP: 121/123 MP: 12/12
 17466 | Lair:3   | Noticed Prince Ribbit
 17475 | Lair:3   | Killed Prince Ribbit
 17483 | Lair:3   | Reached skill level 14 in Fighting
 17829 | Lair:3   | Found a runed translucent gate.
 17829 | Lair:3   | Found a runed translucent gate.
 17829 | Lair:3   | Noticed Naeght's ghost (journeyman MfGl)
 17864 | Lair:3   | Found a runed translucent gate.
 18479 | Lair:4   | Reached skill level 15 in Axes
 18491 | Lair:4   | Found a dark tunnel.
 18529 | Lair:4   | Reached skill level 15 in Fighting
 19709 | Lair:5   | Found a viscous altar of Jiyva.
 19709 | Lair:5   | Found a staircase to the Slime Pits.
 20314 | Lair:6   | Entered Level 6 of the Lair of Beasts
 20483 | Lair:6   | Reached skill level 16 in Fighting
 20838 | Lair:6   | Reached XP level 14. HP: 73/138 MP: 13/13
 21086 | Lair:6   | Noticed Kirke
 21107 | Lair:6   | Killed Kirke
 21108 | Lair:6   | Reached skill level 17 in Fighting
 21259 | Lair:6   | Reached skill level 18 in Fighting
 21627 | Lair:6   | Received a gift from Trog
 22482 | Orc:1    | Entered Level 1 of the Orcish Mines
 22662 | Orc:2    | Entered Level 2 of the Orcish Mines
 22685 | Orc:2    | Reached skill level 19 in Fighting
 22930 | Orc:2    | Paralysed by an orc sorcerer for 7 turns
 23093 | Orc:2    | Found a staircase to the Elven Halls.
 23536 | Orc:2    | Reached XP level 15. HP: 148/152 MP: 14/14
 23561 | Orc:2    | Paralysed by an ogre mage for 5 turns
 23672 | Orc:1    | Found Ruon Yte's Overcharged Wands.
 23730 | Orc:1    | Received a gift from Trog
 23790 | Orc:1    | Reached ****** piety under Trog
 24239 | Orc:1    | Reached skill level 15 in Armour
 24443 | Orc:2    | Found a shimmering blue altar of Sif Muna.
 24501 | Orc:2    | Found Vappail's Distillery.
 24509 | Orc:2    | Found Vaukulom's Jewellery Emporium.
 24515 | Orc:2    | Found Geulorin's Distillery.
 24516 | Orc:2    | Found Cuismazot's General Store.
 24628 | Orc:2    | Noticed an orc warlord
 24646 | Orc:2    | Killed an orc warlord
 24919 | Orc:2    | Bought the amulet of Perink {Regen+ Str+4 Int+4 Dex-4} for
                  | 499 gold pieces
 25643 | D:12     | Noticed Nessos
 25841 | D:12     | Killed Nessos
 27071 | D:13     | Found Goenecs's Weapon Shoppe.
 27544 | D:14     | Found Qydghawoi's Antique Armour Shop.
 27842 | D:14     | Received a gift from Trog
 27955 | D:14     | Found a blossoming altar of Fedhas.
 28174 | D:14     | Found a gate to the Vaults.
 28198 | D:14     | HP: 7/152 [something (26)]
 28198 | D:14     | HP: 3/152 [deep elf archer/arrow (2)]
 28612 | D:14     | Identified the +0 pair of boots of a Hundred Leylines
                  | {Str+3}
 28675 | D:15     | Entered Level 15 of the Dungeon
 28826 | D:15     | Reached XP level 16. HP: 138/160 MP: 15/15
 28895 | D:15     | Noticed Rupert
 28907 | D:15     | Killed Rupert
 29140 | D:15     | Found Nequitze's Assorted Antiques.
 29149 | D:15     | Bought a scroll of enchant armour for 180 gold pieces
 29415 | D:15     | Found a staircase to the Depths.
 29526 | D:14     | Bought a heavily runed plate armour for 1008 gold pieces
 29526 | D:14     | Identified the +4 plate armour of Wunefro {rPois rN+ Int+3}
                  | (You bought it in a shop on level 14 of the Dungeon)
 29545 | D:14     | Bought a pair of runed boots for 270 gold pieces
 29681 | Swamp:1  | Entered Level 1 of the Swamp
 30279 | Swamp:1  | Received a gift from Trog
 30430 | Swamp:1  | Noticed Aizul
 30439 | Swamp:1  | Killed Aizul
 30706 | Swamp:1  | Identified the +1 robe of Undesirable Species {*Slow Int+4
                  | Dex+2 Stlth+}
 30831 | Swamp:2  | Noticed Roxanne
 31031 | Swamp:2  | Identified a scroll of acquirement
 31046 | Swamp:2  | Acquired a +1 hat
 32134 | Swamp:3  | Noticed a thorn hunter
 32162 | Swamp:3  | Killed a thorn hunter
 32603 | Spider:1 | Entered Level 1 of the Spider Nest
 32627 | Spider:1 | Received a gift from Trog
 33064 | Spider:1 | Noticed Jorgrun
 33078 | Spider:1 | Killed Jorgrun
 33082 | Spider:1 | Reached XP level 17. HP: 168/168 MP: 16/16
 33177 | Spider:1 | You fall into a shaft and drop 1 floor!
 33279 | Spider:2 | Received a gift from Trog
 34635 | Spider:2 | Received a gift from Trog
 35649 | Elf:1    | Entered Level 1 of the Elven Halls
 35739 | Elf:1    | Paralysed by an air elemental for 1 turns
 35743 | Elf:1    | Paralysed by an air elemental for 1 turns
 35746 | Elf:1    | Paralysed by an air elemental for 1 turns
 35751 | Elf:1    | Paralysed by an air elemental for 1 turns
 36129 | Swamp:4  | Entered Level 4 of the Swamp
 36170 | Swamp:4  | Noticed Bai Suzhen
 36193 | Swamp:3  | Killed Bai Suzhen
 36533 | Swamp:4  | Reached XP level 18. HP: 102/176 MP: 17/17
 36568 | Swamp:4  | Received a gift from Trog
 37059 | Swamp:4  | Got a decaying rune of Zot
 37286 | Spider:4 | Entered Level 4 of the Spider Nest
 37471 | Spider:4 | Reached skill level 15 in Shields
 37605 | Spider:4 | Reached skill level 20 in Fighting
 37869 | Spider:4 | Got a gossamer rune of Zot
 38164 | Spider:4 | Found a hide-covered altar of Uskayaw.
 38565 | Vaults:1 | Entered Level 1 of the Vaults
 38759 | Vaults:1 | Received a gift from Trog
 38780 | Vaults:1 | Reached skill level 21 in Fighting
 39572 | Vaults:1 | Reached skill level 22 in Fighting
 39583 | Vaults:1 | Reached XP level 19. HP: 185/191 MP: 18/18
 39620 | Vaults:1 | Identified the +7 war axe "Yrghuril" {antimagic, rPois rC+
                  | rCorr Str-2 Dex+2} (Trog gifted it to you on level 1 of the
                  | Vaults)
 39620 | Vaults:1 | Received a gift from Trog
 40218 | Vaults:2 | Reached skill level 23 in Fighting
 40380 | Vaults:2 | Noticed a Tzitzimitl
 40620 | Vaults:2 | Noticed Jory
 40648 | Vaults:2 | Killed Jory
 40657 | Vaults:2 | Received a gift from Trog
 40959 | Vaults:2 | Reached skill level 24 in Fighting
 41226 | Vaults:2 | Found a staircase to the Crypt.
 41929 | Vaults:2 | Found Xice Ovu's Book Boutique.
 42215 | Vaults:3 | Reached XP level 20. HP: 209/209 MP: 19/19
 42447 | Vaults:3 | Reached skill level 25 in Fighting
 43061 | Vaults:3 | Received a gift from Trog
 44065 | Vaults:4 | Cast into level 2 of the Abyss (a wizard)
 44066 | Abyss:2  | Reached skill level 26 in Fighting
 44068 | Abyss:2  | Found a corrupted altar of Lugonu.
 44195 | Vaults:4 | Escaped the Abyss
 44291 | Vaults:4 | Received a gift from Trog
 44790 | Vaults:4 | Noticed Frederick
 44801 | Vaults:4 | Killed Frederick
 45587 | Depths:1 | Entered Level 1 of the Depths
 45600 | Depths:1 | Reached skill level 27 in Fighting
 45644 | Depths:1 | Found Pestu's Assorted Antiques.
 45646 | Depths:1 | Found Vonurhaav's Assorted Antiques.
 45646 | Depths:1 | Found Sowishae's Book Shoppe.
 45651 | Depths:1 | Bought a scroll of summoning for 199 gold pieces
 45651 | Depths:1 | Found Cozareru's Antique Armour Emporium.
 45657 | Depths:1 | Bought a scroll of enchant weapon for 225 gold pieces
 45657 | Depths:1 | Bought a scroll of magic mapping for 105 gold pieces
 45674 | Depths:1 | Bought a shimmering plate armour for 1008 gold pieces
 45674 | Depths:1 | Identified the +3 plate armour "Qisutown" {Will- Int+5
                  | Dex+3 Stlth+} (You bought it in a shop on level 1 of the
                  | Depths)
 45729 | Depths:1 | Found a gateway to Hell.
 45804 | Depths:1 | Found a runed translucent door.
 45805 | Depths:1 | Noticed Imio's ghost (adept DgCj)
 45934 | Depths:1 | Found a stormy altar of Qazlal.
 46031 | Depths:1 | Found a gateway to a ziggurat.
 46294 | Depths:1 | Received a gift from Trog
 46471 | Depths:2 | Reached XP level 21. HP: 209/224 MP: 20/20
 47083 | Depths:2 | Noticed Nikola
 47105 | Depths:2 | HP: 9/336 [frost giant/bolt of cold (20)]
 47106 | Depths:2 | Slain by Nikola

Illustrated notes

Levels and vault maps discovered:
D:1:      wander_arrival_peaceful_grave, layout_basic
D:2:      layout_basic, basic_altar
D:3:      minmay_skewed_foursquare, layout_basic,
          nicolae_hepliaklqana_monster_ancestors,
          ebering_ecumenical_altar_ruins, uniq_grinder
D:4:      layout_loops_ring, kennysheep_mini_moat, mainiacjoe_overflow_24_doors,
          minmay_temple_entry_proselytizer
D:5:      layout_rooms, nicolae_dithmenos_through_a_glass_darkly,
          nicolae_ossuary_entry_false_entrances, gammafunk_ghost_hive,
          portal_sewer_entry_e
D:6:      layout_loops_ring, nicolae_overflow_crystal_walls,
          mainiacjoe_overflow_tiny_flanked, gammafunk_temple_overflow_wave,
          serial_shops, nicolae_shop_overgrown_old_shop
D:7:      nzn_winding_woodlands_large [nzn_winding_woodlands_5x5_closed_star,
          nzn_winding_woodlands_5x15_parted, nzn_winding_woodlands_5x5_three,
          nzn_winding_woodlands_center_lodge,
          nzn_winding_woodlands_15x15_five_gardens,
          nzn_winding_woodlands_center_triple_pond,
          nzn_winding_woodlands_hourglass, nzn_winding_woodlands_5x15_pool,
          nzn_winding_woodlands_5x5_checkerboard], layout_basic,
          mainiacjoe_overflow_concentric_impassable,
          nicolae_ru_great_annihilating_truth, enter_bailey_7,
          chequers_serial_rivers_large_a, uniq_menkaure, uniq_harold
D:8:      gammafunk_wand_slinger, layout_basic, kennysheep_diamond
D:9:      layout_loops_corners, orc_0_dummy, serial_rivers,
          chequers_serial_rivers_micro_d, chequers_serial_rivers_micro_d,
          chequers_serial_rivers_micro_b, chequers_serial_rivers_large_b,
          chequers_serial_rivers_micro_c, chequers_serial_rivers_micro_e,
          kennysheep_opposing_triangles
D:10:     layout_basic, uniq_erolcha, uniq_psyche
D:11:     layout_basic, minmay_lair_entry_grove,
          minmay_guarded_unrand_staff_of_olgreb, uniq_grum, uniq_maurice,
          uniq_urug
D:12:     layout_big_octagon, uniq_nessos
D:13:     layout_irregular_city, serial_shops, shop
D:14:     layout_rooms, grunt_vaults_entry_tiered, serial_shops,
          nicolae_take_the_stairs, gauntlet_entry_generic, fedhas_altar_4,
          minmay_crystal_room, nzn_life_drinkers
D:15:     grunt_enter_depths_snipers, layout_cave_pools, serial_shops,
          nicolae_square_shop, uniq_rupert
Temple:   nicolae_temple_hex_pool
Lair:1:   layout_gridlike, beast_lair_carwin_11
Lair:2:   layout_gridlike, palyth_hydra_swamp_entry, infiniplex_staircase_pool
Lair:3:   layout_regular_city, spider_nest_entry_funnel_web,
          gammafunk_ghost_split, lemuel_fruit_tree, uniq_prince_ribbit2
Lair:4:   layout_long_grid, nicolae_volcano_entry_lava_flow,
          beast_lair_carwin_3, serial_bayou_shore_a, infiniplex_staircase_pool_2
Lair:5:   layout_cave_pods, dpeg_slime_entry_enclosed_altar
Lair:6:   minmay_lair_end_enchanted_forest, layout_layer_cave, uniq_kirke
Swamp:1:  layout_basic_swamp, evilmike_swamp_ruin_house_2, uniq_aizul
Swamp:2:  layout_falls_marsh, nicolae_swamp_orc_logging_accident, uniq_roxanne
Swamp:3:  layout_basic_swamp, nicolae_swamp_tree_isthmus
Swamp:4:  swamp_fiery, layout_basic_swamp, uniq_bai_suzhen
Spider:1: layout_spider_delve, nicolae_spider_nooks_and_crannies, uniq_jorgrun
Spider:2: layout_spider_delve
Spider:3: layout_spider_delve, drop_trap
Spider:4: grunt_spider_rune_parallel, nicolae_spider_altar_of_dancing
Orc:1:    layout_diamond_mine, basic_altar, nicolae_shop_overcharged_wands
Orc:2:    st_orc_open, layout_diamond_mine, led_sif_book
Elf:1:    layout_loops_corners, serial_shops, bzr_in_the_mist, minivault_28
Vaults:1: v_misc_15, v_misc_25, vaults_room_grid, v_misc_13,
          hangedman_vaults_impose, v_misc_16, vaults_room_octagon,
          hangedman_vaults_stretched_pinwheel, vaults_room_corners, v_misc_5,
          v_misc_33, vaults_mumra_minichess_inversion, nicolae_vaults_rhombus_7,
          nicolae_vaults_border_crossing, v_misc_5, vaults_dpeg_encased_lava,
          layout_vaults_ring
Vaults:2: minmay_crypt_entry_simple_plaza, kb_rosetta,
          nicolae_vaults_mini_display_case, v_misc_11, v_misc_13,
          nicolae_vaults_little_ls, nicolae_vaults_windows_and_doors_thing,
          vaults_room_door_ring, v_rooms_1, nicolae_vaults_little_squares_6,
          hangedman_vaults_slither, nicolae_vaults_circle_grid_a,
          nicolae_vaults_specimen_jars, layout_vaults_omnibox, serial_shops,
          shop, uniq_jory
Vaults:3: v_misc_14, v_misc_8, hangedman_vaults_nails,
          nicolae_vaults_network_quinsquares
          [nicolae_vaults_network_quincunx_subvault,
          nicolae_vaults_network_quincunx_subvault,
          nicolae_vaults_network_quincunx_subvault,
          nicolae_vaults_network_quincunx_subvault], vaults_dpeg_hooks,
          nicolae_vaults_little_squares_5, v_misc_29, vaults_room_corners,
          ontoclasm_vaults_tryst, hangedman_vaults_corner_blocks,
          grunt_vaults_diagonal, layout_vaults_big_room
Vaults:4: nicolae_vaults_three_branches, hangedman_vaults_pinch,
          nicolae_vaults_hallways_thing, vaults_room_boxed, vaults_dpeg_spiral,
          vaults_room_octagon, v_pattern_5, st_more_cells,
          vaults_room_stairs_pillars, vaults_room_corners,
          hangedman_vaults_snaps, layout_vaults_omnicross, uniq_frederick
Depths:1: layout_long_grid, enter_ziggurat_b, hellmonk_bongcloud_opening,
          hell_entry, ebering_ghost_inner_flame,
          nicolae_qazlal_style_of_elements, minmay_shoptagon
Depths:2: box_level_dp, hell_entry, abyss_entry, uniq_nikola

Skill      XL: |  1  2  3  4  5  6  7  8  9 10 11 12 13 14 15 16 17 18 19 20 |
---------------+-------------------------------------------------------------+-----
Fighting       | 4 5 6 7 8 9 13 16 19 22 24 27 | 27.0
Axes           | 4 5 6 7 8 10 12 14 16 18 | 18.0
Shields        | 4 8 11 13 15 | 15.0
Armour         | 11 13 14 16 20 22 23 | 23.9
Dodging        | |  2.1

Action                   |  1- 3 |  4- 6 |  7- 9 | 10-12 | 13-15 | 16-18 | 19-21 || total
-------------------------+-------+-------+-------+-------+-------+-------+-------++-------
Melee: Hand axe          |    68 |    70 |   325 |   730 |       |       |       ||  1193
       Headbutt          |     5 |     9 |    63 |   197 |   282 |   285 |   224 ||  1065
       War axe           |       |       |       |    31 |   924 |       |       ||   955
       Broad axe         |       |       |       |       |   312 |  1315 |   870 ||  2497
Invok: Berserk           |     1 |     5 |    13 |    29 |    34 |    15 |     9 ||   106
       Brothers in Arms  |       |       |       |     1 |     1 |       |     7 ||     9
       Trog's Hand       |       |       |       |       |     1 |       |     3 ||     4
  Use: Scroll            |       |       |     2 |    17 |    13 |    11 |     5 ||    48
       Potion            |       |       |       |     1 |     2 |       |       ||     3
 Stab: Distracted        |       |       |       |       |     1 |       |       ||     1
Armor: Animal skin       |     4 |       |       |       |       |       |       ||     4
       Leather armour    |    10 |       |       |       |       |       |       ||    10
       Ring mail         |     6 |     3 |       |       |       |       |       ||     9
       Chain mail        |       |    26 |   118 |     9 |    79 |     5 |       ||   237
       Scale mail        |       |       |       |   256 |   389 |       |       ||   645
       Skin              |       |       |       |    24 |       |       |       ||    24
       Plate armour      |       |       |       |       |       |  1132 |   378 ||  1510
Dodge: Dodged            |    45 |    41 |   117 |   184 |   398 |   390 |   117 ||  1292
Block: Kite shield       |       |       |    79 |   324 |   745 |   439 |       ||  1587
       Tower shield      |       |       |       |       |       |   645 |   790 ||  1435
